 Dungeon Crawl Stone Soup version 0.31-a0-66-ge618eeaa78 (webtiles) character file.

Game seed: 7571888908794459075

18530 mopl the Covert (level 12, -5/69 HPs)
             Began as a Deep Elf Enchanter on May 22, 2023.
             Was an Elder of Dithmenos.
             Slain by an orc warrior
             ... wielding a +1 scimitar of electrocution
             ... led by an orc knight
              (19 damage)
             ... on level 11 of the Dungeon.
             The game lasted 00:28:24 (11196 turns).

mopl the Covert (Deep Elf Enchanter)               Turns: 11196, Time: 00:28:25

Health: -5/69      AC:  9    Str:  5    XL:     12   Next: 28%
Magic:  21/37      EV: 12    Int: 26    God:    Dithmenos [****..]
Gold:   1652       SH:  5    Dex: 15    Spells: 18/31 levels left

rFire   + . .        a - +2 dagger (venom)
rCold   + + +        I - +0 buckler
rNeg    . . .        B - +1 robe {rC+ rF+}
rPois   .            H - +0 helmet
rElec   .            Q - +0 cloak "Zoaf Keagh" {rC++}
rCorr   .            x - +2 pair of gloves
SInv    .            T - +0 pair of boots
Will    +....        l - amulet of the acrobat
Stlth   +++++++      g - ring of magical power
HPRegen 0.31/turn    O - ring of wizardry
MPRegen 0.25/turn

%: acrobat, wizardry (x1)
@: wreathed by umbra
A: no striking features
a: Renounce Religion, Shadow Step


You were on level 11 of the Dungeon.
You worshipped Dithmenos.
Dithmenos was greatly pleased with you.
You visited 2 branches of the dungeon, and saw 12 of its levels.
You also visited: Bailey.

You collected 1652 gold pieces.

Inventory:

Hand Weapons
 a - a +2 dagger of venom (weapon)
 b - a +9 rapier of speed
 t - a +2 dagger of draining
 u - the +8 sling "Katigry" {flame, Fly Will+ Dex+5 Stlth-}
   (You found it on level 6 of the Dungeon)

   Dex:       It affects your dexterity (+5).
   Fly:       It grants you flight.
   Will:      It increases your willpower.
   Stlth:     It makes you less stealthy.
 A - a +2 dagger of speed
 G - a +2 dagger of flaming
 P - the +5 rapier of Gozag {drain, rPois}
   (You found it on level 10 of the Dungeon)

   rPois:     It protects you from poison.
 R - a +2 heavy double sword
Missiles
 i - 7 boomerangs
 r - 35 poisoned darts
 E - 10 javelins
 F - 6 curare-tipped darts
Armour
 x - a +2 pair of gloves (worn)
 y - a +0 kite shield
 B - a +1 robe of resistance (worn)
 H - a +0 helmet (worn)
 I - a +0 buckler (worn)
 M - a +1 robe of the Archmagi
 Q - the +0 cloak "Zoaf Keagh" (worn) {rC++}
   (You acquired it on level 10 of the Dungeon)

   rC:        It greatly protects you from cold.
 T - a +0 pair of boots (worn)
Magical Staves
 D - a staff of death
Jewellery
 g - a ring of magical power (left hand)
 l - an amulet of the acrobat (around neck)
 o - the ring of Nimawkad {Will+ rCorr Int+2 Dex+4 Slay-3}
   (You found it on level 3 of the Dungeon)

   [ring of resist corrosion]

   Int:       It affects your intelligence (+2).
   Dex:       It affects your dexterity (+4).
   Slay:      It affects your accuracy & damage with ranged weapons and melee
   (-3).
   rCorr:     It protects you from acid and corrosion.
   Will:      It increases your willpower.
 O - a ring of wizardry (right hand)
Wands
 w - a wand of roots (31)
Scrolls
 d - 3 scrolls of noise {unknown}
 e - 4 scrolls of teleportation
 j - 3 scrolls of vulnerability {unknown}
 k - 3 scrolls of immolation {unknown}
 m - 4 scrolls of fear {unknown}
 p - 3 scrolls of enchant armour {unknown}
 v - a scroll of fog {unknown}
 C - a scroll of silence {unknown}
 L - 2 scrolls of blinking {unknown}
 S - a scroll of poison {unknown}
Potions
 c - 2 potions of invisibility
 f - 6 potions of curing {unknown}
 n - 2 potions of enlightenment {unknown}
 q - 2 potions of lignification {unknown}
 s - 2 potions of brilliance
 z - a potion of mutation {!q}
 J - a potion of magic
 K - 2 potions of haste
 N - a potion of berserk rage {unknown}
Miscellaneous
 h - a piece from Xom's chessboard (15/15)


   Skills:
 + Level 5.7 Fighting
 + Level 7.5 Short Blades
 - Level 2.4 Dodging
 + Level 10.5 Stealth
 + Level 5.0 Shields
 + Level 10.0 Spellcasting
 + Level 10.4 Hexes
 - Level 5.0 Transmutations
 - Level 5.0 Earth Magic
 + Level 6.5 Invocations
 + Level 6.7 Evocations


You had 18 spell levels left.
You knew the following spells:

 Your Spells              Type           Power      Damage    Failure   Level
b - Ensorcelled Hibernat  Hex/Ice        66%        N/A       1%          2
c - Confusing Touch       Hex            61%        N/A       1%          3
d - Tukima's Dance        Hex            61%        N/A       1%          3
f - Dazzling Flash        Conj/Hex       66%        N/A       1%          3
p - Passwall              Tmut/Erth      26%        N/A       1%          2

Your spell library contained the following spells:

 Spells                   Type           Power      Damage    Failure   Level
 Sandblast                Erth           78%        2d17      1%          1
 Portal Projectile        Hex/Tloc       66%        N/A       1%          3
 Summon Guardian Golem    Hex/Summ       33%        N/A       1%          3
 Leda's Liquefaction      Hex/Erth       23%        N/A       2%          4
 Apportation              Tloc           26%        N/A       3%          1
 Summon Small Mammal      Summ           52%        N/A       3%          1
 Stone Arrow              Conj/Erth      38%        3d9       6%          3
 Static Discharge         Conj/Air       12%        2-3/arc   8%          2
 Call Canine Familiar     Summ           13%        N/A       9%          3
 Blade Hands              Tmut           19%        N/A       11%         5
 Airstrike                Air            6%         2d(1-17)  28%         4
 Summon Lightning Spire   Summ/Air       6%         N/A       43%         4
 Alistair's Intoxication  Tmut/Pois      12%        N/A       43%         5
 Storm Form               Tmut/Air       9%         N/A       100%        7
 Maxwell's Capacitive Co  Air            6%         ∞         100%        8


Dungeon Overview and Level Annotations

Branches:
Dungeon (11/15)            Temple (0/1) D:5            Lair (0/5) D:10
    Orc (1/2) D:11         Bailey (visited)

Altars:
Ashenzari
Cheibriados
Dithmenos
Fedhas
Gozag
Okawaru
Qazlal
Sif Muna
Uskayaw
Vehumet
Yredelemnul
Zin
The Shining One

Annotations:
D:7 Maggie
D:11 2 runed translucent doors, Vorhees's ghost, journeyman DjIE


Message History

Aim: an orc knight, wielding a +0 vampiric long sword and wearing a +0 chain mail (umbra, chance to affect: 45%)
The orc knight resists with some effort.
The orc warrior closely misses you.
Casting: Ensorcelled Hibernation (safe; 1% risk of failure)
Confirm with . or Enter, or press ? or * to list all spells.
Aiming: Ensorcelled Hibernation (safe; 1% risk of failure)
Press: ? - help, Shift-Dir - straight line, f/p - orc knight
Aim: an orc knight, wielding a +0 vampiric long sword and wearing a +0 chain mail (umbra, chance to affect: 45%)
The orc knight resists with some effort.
You block the orc warrior's attack. The orc hits you but does no damage.
Unknown command.
Casting: Ensorcelled Hibernation (safe; 1% risk of failure)
Confirm with . or Enter, or press ? or * to list all spells.
Aiming: Ensorcelled Hibernation (safe; 1% risk of failure)
Press: ? - help, Shift-Dir - straight line, f/p - orc knight
Aim: an orc knight, wielding a +0 vampiric long sword and wearing a +0 chain mail (umbra, chance to affect: 45%)
The orc knight resists with some effort.
Your shadow mimicks your spell!
The orc knight easily resists.
You block the orc warrior's attack. The orc knight closely misses you.
The orc hits you but does no damage.
Unknown command.
Casting: Ensorcelled Hibernation (safe; 1% risk of failure)
Confirm with . or Enter, or press ? or * to list all spells.
Aiming: Ensorcelled Hibernation (safe; 1% risk of failure)
Press: ? - help, Shift-Dir - straight line, f/p - orc knight
Aim: an orc knight, wielding a +0 vampiric long sword and wearing a +0 chain mail (umbra, chance to affect: 45%)
The orc knight resists with some effort.
The orc warrior hits you with a +1 scimitar of electrocution!
The orc knight hits you with a +0 vampiric long sword!
* * * LOW HITPOINT WARNING * * *
The orc closely misses you.
Unknown command.
Casting: Ensorcelled Hibernation (safe; 1% risk of failure)
Confirm with . or Enter, or press ? or * to list all spells.
Aiming: Ensorcelled Hibernation (safe; 1% risk of failure)
Press: ? - help, Shift-Dir - straight line, f/p - orc knight
Aim: an orc knight, wielding a +0 vampiric long sword and wearing a +0 chain mail (umbra, chance to affect: 45%)
The orc knight resists with some effort.
The orc warrior hits you with a +1 scimitar of electrocution!!
You die...

#.#>....................###### #
#.#######.###...........######
#.....# #...............'....#
#####.# #...............####.#
######.####..............# #.#
.....#.............##+#######.#
####.######...#o#####.#....##.#
#.# #####o## #.#....##.###
#.##########o@# #.#<...+.....
#.##......##o## #.#....##....
####.##......##o.####.......+....
......'......'.....###....###....
####.##......###...###....# #....
#..#.##......# ##...##....# #....
#..#.##......# ##........###....
#<.#.##......#####.##............
#.##..'......+...#....##..#####..


You could see an orc knight, 2 orc warriors and 2 orcs.

Vanquished Creatures
  Fannar (D:10)
  A two-headed ogre (D:9)
  Urug (D:10)
  An orc knight (Bailey)
  Pikel (D:7)
  An unseen horror (D:11)
  2 kobold demonologists (Bailey)
  A troll (D:11)
  3 meliai (D:11)
  Grinder (D:5)
  Sigmund (D:5)
  2 shadows (D:11)
  A wyvern (D:10)
  2 wraiths
  A steam dragon (D:7)
  A basilisk (D:11)
  14 yaks
  2 water moccasins
  Duvessa (D:6)
  18 orc warriors
  An ice beast (D:5)
  3 centaurs
  4 kobold brigands
  A bullfrog (D:6)
  6 scorpions
  10 wights
  Dowan (D:6)
  6 killer bees (D:9)
  6 electric eels (Bailey)
  4 howler monkeys
  A jelly (D:5)
  4 hounds
  A gnoll bouda (D:10)
  7 orc priests
  2 iguanas
  2 sleepcaps (D:6)
  7 orc wizards
  8 adders
  4 gnolls
  3 white imps
  2 worms
  4 dart slugs
  46 orcs
  7 bats
  8 endoplasms
  6 giant cockroaches
  11 hobgoblins
  7 jackals
  3 quokkas
  7 ball pythons
  5 frilled lizards
  12 goblins
  27 kobolds
  3 rats
285 creatures vanquished.

Vanquished Creatures (collateral kills)
  A two-headed ogre (D:10)
  An orc knight (Bailey)
  An orc (Bailey)
3 creatures vanquished.

Vanquished Creatures (others)
  An orc wizard (D:9)
1 creature vanquished.

Grand Total: 289 creatures vanquished

Notes
Turn   | Place    | Note
-------+----------+-------------------------------------------
     0 | D:1      | mopl the Deep Elf Enchanter began the quest for the Orb.
     0 | D:1      | Reached XP level 1. HP: 10/10 MP: 6/6
   303 | D:1      | Reached XP level 2. HP: 10/15 MP: 8/8
   315 | D:1      | Learned a level 2 spell: Ensorcelled Hibernation
   473 | D:1      | Reached skill level 4 in Stealth
   918 | D:2      | Reached XP level 3. HP: 19/19 MP: 1/10
   923 | D:2      | Learned a level 3 spell: Confusing Touch
   927 | D:2      | Learned a level 3 spell: Tukima's Dance
  1265 | D:2      | Reached skill level 2 in Short Blades
  1540 | D:3      | Reached XP level 4. HP: 18/24 MP: 6/11
  1543 | D:3      | Learned a level 2 spell: Passwall
  1655 | D:3      | Reached skill level 4 in Spellcasting
  1749 | D:3      | Reached skill level 1 in Earth Magic
  2041 | D:3      | Identified the ring of Nimawkad {Will+ rCorr Int+2 Dex+4
                  | Slay-3}
  2059 | D:3      | Reached skill level 5 in Hexes
  2244 | D:4      | Reached skill level 1 in Transmutations
  2244 | D:4      | Reached XP level 5. HP: 25/28 MP: 10/13
  2543 | D:4      | Reached skill level 5 in Stealth
  2617 | D:4      | Reached XP level 6. HP: 21/32 MP: 10/14
  2633 | D:4      | Learned a level 3 spell: Dazzling Flash
  2975 | D:4      | Reached skill level 2 in Earth Magic
  3199 | D:5      | Entered Level 5 of the Dungeon
  3199 | D:5      | Noticed Sigmund
  3199 | D:5      | Noticed Grinder
  3211 | D:5      | Killed Sigmund
  3212 | D:5      | Reached skill level 1 in Fighting
  3212 | D:5      | Reached skill level 3 in Short Blades
  3212 | D:5      | Reached skill level 5 in Spellcasting
  3212 | D:5      | Reached skill level 2 in Transmutations
  3212 | D:5      | Reached XP level 7. HP: 30/38 MP: 1/16
  3314 | D:5      | Killed Grinder
  3347 | D:5      | Reached skill level 6 in Hexes
  3523 | D:5      | Reached skill level 3 in Earth Magic
  3527 | D:5      | Reached skill level 6 in Stealth
  3527 | D:5      | Reached skill level 3 in Transmutations
  3550 | D:5      | Reached skill level 2 in Fighting
  3550 | D:5      | Reached XP level 8. HP: 21/44 MP: 9/18
  3688 | D:5      | Found a hide-covered altar of Uskayaw.
  3695 | D:5      | Found a radiant altar of Vehumet.
  3698 | D:5      | Found a blossoming altar of Fedhas.
  3699 | D:5      | Found a stormy altar of Qazlal.
  3700 | D:5      | Found a shimmering blue altar of Sif Muna.
  3700 | D:5      | Found a basalt altar of Yredelemnul.
  3701 | D:5      | Found an opulent altar of Gozag.
  3702 | D:5      | Found a snail-covered altar of Cheibriados.
  3703 | D:5      | Found a shadowy altar of Dithmenos.
  3704 | D:5      | Found an iron altar of Okawaru.
  3708 | D:5      | Became a worshipper of Dithmenos the Shadowed
  3710 | D:5      | Found a glowing silver altar of Zin.
  4054 | D:5      | Found a staircase to the Ecumenical Temple.
  4289 | D:6      | Reached skill level 4 in Short Blades
  4305 | D:6      | Noticed Dowan
  4306 | D:6      | Noticed Duvessa
  4329 | D:6      | Reached skill level 6 in Spellcasting
  4329 | D:6      | Reached skill level 1 in Invocations
  4329 | D:6      | Reached skill level 1 in Evocations
  4600 | D:6      | Killed Duvessa
  4610 | D:6      | Reached skill level 4 in Earth Magic
  4625 | D:6      | Killed Dowan
  4648 | D:6      | Identified the +8 sling "Katigry" {flame, Fly Will+ Dex+5
                  | Stlth-}
  4687 | D:6      | Reached skill level 7 in Hexes
  4687 | D:6      | Reached skill level 2 in Evocations
  4812 | D:6      | Reached skill level 2 in Invocations
  4931 | D:7      | Reached skill level 1 in Shields
  4931 | D:7      | Reached skill level 4 in Transmutations
  4980 | D:7      | Reached XP level 9. HP: 46/49 MP: 14/20
  5010 | D:7      | Reached * piety under Dithmenos
  5024 | D:7      | Reached skill level 7 in Stealth
  5088 | D:7      | Noticed Maggie
  5160 | D:7      | Reached skill level 3 in Fighting
  5346 | D:7      | Noticed Pikel
  5382 | D:7      | Killed Pikel
  5589 | D:8      | Found a flagged portal.
  5592 | D:8      | Reached skill level 7 in Spellcasting
  5599 | Bailey   | Entered a bailey
  5785 | Bailey   | Noticed an orc knight
  5802 | Bailey   | Killed an orc knight
  5803 | Bailey   | Reached skill level 5 in Short Blades
  5803 | Bailey   | Reached skill level 2 in Shields
  5803 | Bailey   | Reached skill level 3 in Invocations
  5803 | Bailey   | Reached skill level 3 in Evocations
  5956 | Bailey   | Reached skill level 5 in Earth Magic
  6059 | Bailey   | Acquired a +9 rapier of speed
  6067 | Bailey   | Reached XP level 10. HP: 42/56 MP: 19/23
  6260 | Bailey   | Reached skill level 8 in Hexes
  6311 | Bailey   | Reached skill level 5 in Transmutations
  6386 | Bailey   | Reached ** piety under Dithmenos
  6390 | Bailey   | Found an iron altar of Okawaru.
  6415 | Bailey   | Reached skill level 8 in Stealth
  6543 | Bailey   | Reached skill level 4 in Fighting
  6543 | Bailey   | Reached skill level 6 in Short Blades
  6543 | Bailey   | Reached skill level 9 in Stealth
  6543 | Bailey   | Reached skill level 3 in Shields
  6543 | Bailey   | Reached skill level 8 in Spellcasting
  6543 | Bailey   | Reached skill level 9 in Hexes
  6543 | Bailey   | Reached skill level 5 in Invocations
  6543 | Bailey   | Reached skill level 5 in Evocations
  6543 | Bailey   | Reached XP level 11. HP: 62/62 MP: 23/25
  6933 | Bailey   | Noticed an orc knight
  6940 | Bailey   | Killed an orc knight
  6941 | Bailey   | Reached skill level 9 in Spellcasting
  7047 | Bailey   | Reached skill level 4 in Shields
  8445 | D:9      | Reached skill level 5 in Fighting
  8449 | D:9      | Noticed a two-headed ogre
  8819 | D:9      | Killed a two-headed ogre
  8836 | D:9      | Reached *** piety under Dithmenos
  8943 | D:9      | Acquired 1004 gold pieces
  8953 | D:10     | Entered Level 10 of the Dungeon
  9057 | D:10     | Found a broken altar of Ashenzari.
  9068 | D:10     | Found a glowing golden altar of the Shining One.
  9114 | D:10     | Identified the +5 rapier of Gozag {drain, rPois}
  9191 | D:10     | Noticed Fannar
  9252 | D:10     | Found a staircase to the Lair.
  9428 | D:10     | Acquired the +0 cloak "Zoaf Keagh" {rC++}
  9533 | D:10     | Noticed Urug
  9538 | D:10     | Killed Urug
  9539 | D:10     | Reached skill level 7 in Short Blades
  9539 | D:10     | Reached skill level 6 in Evocations
  9664 | D:10     | Killed Fannar
  9665 | D:10     | Reached skill level 10 in Stealth
  9665 | D:10     | Reached skill level 10 in Hexes
  9665 | D:10     | Reached skill level 6 in Invocations
  9802 | D:10     | Noticed a two-headed ogre
  9825 | D:10     | Killed a two-headed ogre
 10066 | D:11     | Found a staircase to the Orcish Mines.
 10079 | D:11     | Reached XP level 12. HP: 56/68 MP: 27/27
 10306 | D:11     | Reached **** piety under Dithmenos
 10308 | D:11     | Found a large runed translucent door.
 10309 | D:11     | Found a large runed translucent door.
 10314 | D:11     | Noticed Vorhees's ghost (journeyman DjIE)
 10384 | D:11     | Reached skill level 10 in Spellcasting
 10599 | D:11     | Reached skill level 5 in Shields
 11044 | Orc:1    | Entered Level 1 of the Orcish Mines
 11196 | D:11     | Slain by an orc warrior

Illustrated notes

Levels and vault maps discovered:
D:1:      dpeg_arrival_court, layout_loops_ring, serial_forest,
          infiniplex_forest_corner_1, infiniplex_forest_lined_2,
          infiniplex_forest_zigzag_1, infiniplex_forest_clump_double,
          infiniplex_forest_end_2, infiniplex_forest_lined_1
D:2:      layout_loops_ring
D:3:      layout_basic, hex_large, columned_hall_lemuel
D:4:      layout_cave_pools, minivault_26, skrybe_limestone_x
D:5:      layout_loops_ring, minitemple, minmay_temple_entry_fiery,
          uniq_sigmund, uniq_grinder
D:6:      layout_rooms, hex_tiny, uniq_duvessa
D:7:      layout_cave_pools, uniq_maggie, uniq_pikel
D:8:      layout_basic, enter_bailey_2
D:9:      layout_loops_corners
D:10:     layout_loops_ring, mainiacjoe_overflow_big_doors, dpeg_oklobed_lair,
          uniq_urug, uniq_fannar
D:11:     layout_basic, orc_0_dummy, ebering_ghost_disaster_area
Orc:1:    layout_caves, special_room [special_room_orc], serial_shops,
          nicolae_shop_pleasant_corner_grove, nicolae_orc_lava_room,
          uniq_gastronok

Skill      XL: |  1  2  3  4  5  6  7  8  9 10 11 12 |
---------------+-------------------------------------+-----
Stealth        | 4 5 6 7 9 10 | 10.5
Short Blades   | 2 3 4 5 6 7 |  7.5
Spellcasting   | 4 5 6 7 8 9 10 | 10.0
Earth Magic    | 1 2 3 4 5 |  5.0
Hexes          | 5 6 7 9 10 | 10.4
Transmutations | 1 2 3 4 5 |  5.0
Fighting       | 1 2 3 4 5 |  5.7
Invocations    | 2 3 5 6 |  6.5
Evocations     | 2 3 5 6 |  6.7
Shields        | 1 2 3 4 5 |  5.0
Dodging        | |  2.4

Action                     |  1- 3 |  4- 6 |  7- 9 | 10-12 || total
---------------------------+-------+-------+-------+-------++-------
  Melee: Dagger            |   120 |   100 |   164 |   275 ||   659
         Punch             |       |     1 |     3 |       ||     4
  Throw: Dart              |       |       |       |     2 ||     2
   Cast: Ensorcelled Hiber |    22 |    38 |    67 |   117 ||   244
         Tukima's Dance    |       |     3 |     1 |     8 ||    12
         Confusing Touch   |       |       |     7 |    11 ||    18
         Passwall          |       |       |     4 |     6 ||    10
         Dazzling Flash    |       |       |     2 |     9 ||    11
  Evoke: Wand              |       |       |     6 |     2 ||     8
    Use: Scroll            |       |       |     1 |    10 ||    11
         Potion            |       |       |       |     1 ||     1
   Stab: Sleeping          |    25 |    31 |    51 |    80 ||   187
         Confused          |       |       |     7 |     6 ||    13
         Distracted        |       |       |       |     3 ||     3
         Invisible         |       |       |       |     2 ||     2
 Armour: Robe              |    19 |    12 |    33 |    72 ||   136
  Dodge: Dodged            |    74 |    64 |   137 |   139 ||   414
  Block: Buckler           |       |       |       |    68 ||    68

Table legend: (Time is in decaauts)
 A = Elapsed time spent in this place.
 B = Non-inter-level travel time spent in this place.
 C = Inter-level travel time spent in this place.
 D = Time resting spent in this place.
 E = Time spent auto-exploring this place.
 F = Levels seen in this place.
 G = Mean time per level.
                   A        B        C        D        E       F      G
               +--------+--------+--------+--------+--------+-----+--------+
         Total |  11103 |  10663 |    440 |   2031 |   5624 |  13 |  854.1 |
       Dungeon |   9615 |   9176 |    439 |   1491 |   5376 |  11 |  874.1 |
  Orcish Mines |      7 |      7 |      0 |      0 |      0 |   1 |    7.0 |
        Bailey |   1480 |   1480 |      0 |    540 |    247 |   1 | 1480.0 |
               +--------+--------+--------+--------+--------+-----+--------+

Top non-repeatable levels by time:
  Bailey: 1480 daAuts
    D:11: 1136 daAuts
    D:10: 1066 daAuts
     D:9: 1058 daAuts
     D:3: 1031 daAuts
     D:5: 975 daAuts
     D:1: 874 daAuts
     D:8: 809 daAuts
     D:4: 745 daAuts
     D:7: 697 daAuts
     D:2: 629 daAuts
     D:6: 591 daAuts
   Orc:1: 7 daAuts
